 Dungeon Crawl Stone Soup version 0.28-a0-1616-g050a50673c (webtiles) character file.

Game seed: 16250850437689731640

83 fragbeetle the Chopper (level 4, -4/41 HPs)
             Began as a Hill Orc Monk on Jan 23, 2022.
             Was a Priest of Uskayaw.
             Slain by a gnoll (7 damage)
             ... on level 2 of the Dungeon.
             The game lasted 00:02:39 (1779 turns).

fragbeetle the Chopper (Hill Orc Monk)              Turns: 1779, Time: 00:02:40

Health: -4/41      AC:  3    Str: 15    XL:     4   Next: 44%
Magic:  0/4        EV: 12    Int: 10    God:    Uskayaw [***...]
Gold:   39         SH:  0    Dex: 13    Spells: 3/3 levels left

rFire   . . .      SeeInvis .   a - +0 hand axe
rCold   . . .      Faith    .   (no shield)
rNeg    . . .      Spirit   .   g - +0 leather armour
rPois   .          Reflect  .   (no helmet)
rElec   .          Harm     .   (no cloak)
rCorr   .          Rampage  .   (no gloves)
Will    .....                   (no boots)
Stlth   ++........              (no amulet)
HPRegen 0.13/turn               (no ring)
MPRegen 0.09/turn               (no ring)

@: no status effects
A: no striking features
a: Renounce Religion, Stomp, Line Pass


You were on level 2 of the Dungeon.
You worshipped Uskayaw.
Uskayaw was noncommittal.
You visited 1 branch of the dungeon, and saw 2 of its levels.

You collected 39 gold pieces.

Inventory:

Hand Weapons
 a - a +0 hand axe (weapon)
Missiles
 e - 22 arrows
 f - 131 stones (quivered)
Armour
 g - a +0 leather armour (worn)
Scrolls
 c - a scroll of immolation {unknown}
 d - a scroll of identify {unknown}
Potions
 h - a potion of haste {unknown}


   Skills:
 + Level 4.3 Fighting
 * Level 5.5 Axes
 - Level 3.0 Dodging
 - Level 1.5 Stealth


You had 3 spell levels left.
You didn't know any spells.
Your spell library contained the following spells:

 Spells                   Type           Power      Damage    Failure   Level
 Apportation              Tloc           0%         N/A       43%         1


Dungeon Overview and Level Annotations

Branches:
Dungeon (2/15)

Altars:
Hepliaklqana
Uskayaw


Message History

Press: ? - help, Dir - move target The gnoll appears confused. x2
You can no longer pass through a line of other dancers.
The gnoll completely misses the gnoll.
The gnoll closely misses you. x2
Unknown command.
You closely miss the gnoll. You hit the gnoll.
The gnoll hits the gnoll with a +0 flail.
The gnoll hits itself with a +0 flail.
The gnoll barely misses you. The gnoll misses you.
You can now pass through a line of other dancers.
You closely miss the gnoll. You barely miss the gnoll.
The gnoll seems less confused. x2; The gnoll hits you with a +0 club.
The gnoll closely misses you.
You closely miss the gnoll. You hit the gnoll. The gnoll barely misses you. x2
You barely miss the gnoll. x2; The gnoll hits you but does no damage.
The gnoll hits you with a +0 halberd!
* * * LOW HITPOINT WARNING * * *
You slash the gnoll!
The gnoll is heavily wounded.
You barely miss the gnoll. The gnoll barely misses you. x2
Uskayaw will force your foes to helplessly watch your dance.
Uskayaw prepares the audience for your solo!
The helpless gnoll fails to defend itself.
You hit the gnoll.
The gnoll is almost dead.
The helpless gnoll fails to defend itself.
You hit the gnoll but do no damage.
The gnoll is no longer paralysed. x3
The gnoll hits you with a +0 club.
* * * LOW HITPOINT WARNING * * *
The gnoll closely misses you.
You barely miss the gnoll.
The gnoll is almost dead.
You hit the gnoll but do no damage. The gnoll hits you with a +0 club.
* * * LOW HITPOINT WARNING * * *
The gnoll misses you.
Unknown command.
You barely miss the gnoll.
The gnoll is almost dead.
You closely miss the gnoll. The gnoll hits you with a +0 club!
You die...

############ ... #.##### .#.
#....<.....# #.# #.....###...
#..........# #..# #.....##.#.
#..........# #..##........#.
#..........# #..#......#.#.
#..........# #......###...
#..........##### ##..)[...#.#.
#####.##....ggg#####.....#...##
#....#####@..........###...
#..... ######........##.#
#..... .#####.#...#...#..
#.._.. #..........g.......
#.... .w......##.......#. #..
...........>...†...
........#.##...#.#. ........#.
#.g..... ..........##.##..<.


You could see 3 gnolls.

Vanquished Creatures
  Jessica (D:2)
  A gnoll (D:2)
  2 adders (D:2)
  4 endoplasms
  A giant cockroach (D:1)
  2 goblins (D:1)
  4 hobgoblins (D:1)
  A kobold (D:1)
  2 quokkas (D:1)
  2 ball pythons (D:1)
  3 bats (D:1)
  2 frilled lizards (D:1)
  5 rats
30 creatures vanquished.

Vanquished Creatures (others)
  A fungus (D:1)
1 creature vanquished.

Grand Total: 31 creatures vanquished

Notes
Turn   | Place    | Note
-------+----------+-------------------------------------------
     0 | D:1      | fragbeetle the Hill Orc Monk began the quest for the Orb.
     0 | D:1      | Reached XP level 1. HP: 19/19 MP: 1/1
   428 | D:1      | Reached XP level 2. HP: 26/27 MP: 2/2
  1074 | D:1      | Found a faded altar of an unknown god.
  1080 | D:1      | Got Plato's Tome of the Traveller
  1081 | D:1      | Prayed at the altar of an unknown god.
  1081 | D:1      | Became a worshipper of Uskayaw the Reveller
  1081 | D:1      | Reached * piety under Uskayaw
  1081 | D:1      | Reached ** piety under Uskayaw
  1197 | D:1      | Reached XP level 3. HP: 33/33 MP: 3/3
  1286 | D:2      | Found a hazy altar of Hepliaklqana.
  1315 | D:2      | Reached skill level 5 in Axes
  1426 | D:2      | Noticed Jessica
  1551 | D:2      | Killed Jessica
  1552 | D:2      | Reached XP level 4. HP: 18/40 MP: 4/4
  1776 | D:2      | Reached *** piety under Uskayaw
  1779 | D:2      | Slain by a gnoll

Illustrated notes

Levels and vault maps discovered:
D:1:      psy_arrival_conway, layout_basic, shapermc_ecumenical_altar_rom_forum,
          serial_corexii_hall, corexii_hall_statues_i, corexii_hall_statues_l
D:2:      layout_rooms, serial_shops, shop, basic_altar,
          nicolae_concentric_dashed_squares_wild, minmay_circled_x, uniq_jessica

Skill      XL: |  1  2  3  4 |
---------------+-------------+-----
Fighting       | 4 |  4.3
Axes           | 5 |  5.5
Dodging        | 3 |  3.0
Stealth        | |  1.5

Action                   |  1- 3 |  4- 6 || total
-------------------------+-------+-------++-------
Melee: Hand axe          |    95 |    18 ||   113
       Punch             |       |     1 ||     1
Invok: Line Pass         |       |     1 ||     1
 Stab: Paralysed         |       |     2 ||     2
Armor: Robe              |    17 |       ||    17
       Leather armour    |     5 |     1 ||     6
Dodge: Dodged            |    59 |    16 ||    75

Table legend: (Time is in decaauts)
 A = Elapsed time spent in this place.
 B = Non-inter-level travel time spent in this place.
 C = Inter-level travel time spent in this place.
 D = Time resting spent in this place.
 E = Time spent auto-exploring this place.
 F = Levels seen in this place.
 G = Mean time per level.
                   A        B        C        D        E       F      G
               +--------+--------+--------+--------+--------+-----+--------+
         Total |   1790 |   1736 |     54 |    548 |    868 |   2 |  895.0 |
       Dungeon |   1790 |   1736 |     54 |    548 |    868 |   2 |  895.0 |
               +--------+--------+--------+--------+--------+-----+--------+

Top non-repeatable levels by time:
     D:1: 1293 daAuts
     D:2: 497 daAuts
